[Event "Early-Titled-Tuesday-Blitz-January-30-2024"]
[Site "Chess.com"]
[Date "2024.01.30"]
[Round "7"]
[White "IMRosen"]
[Black "Shushik"]
[Result "1-0"]
[WhiteElo "2719"]
[BlackElo "2526"]
[TimeControl "180+1"]
[EndTime "9:18:54 PST"]
[Termination "IMRosen won by resignation"]

1. e4 e5 2. Nf3 Nc6 3. c3 d5 4.
Qa4 dxe4 5. Nxe5 Qd5 6. Nxc6 bxc6 7. Bc4 Qd6 8. O-O Nf6 9. d3 Be7 10. Bf4 Qc5 11. dxe4 O-O 12. Nd2 Bd7 13. Qc2 Qh5 14.
Bxc7 Ng4 15. Bg3 Kh8 16. h3 Ne5 17. Ba6 Ng6 18. Rfe1 Bc5 19. b4 Bb6 20. a4 Qg5 21. Nf1 f5 22. a5 Bd8 23. Qd2 f4 24. Qxd7 fxg3 25. Nxg3 Bf6 26. Re3 Nf4 27. Qf5 Qh6 28. Qg4 Bg5 29. Nf5 Qf6 30. Rf3 h5 31. Qg3 Ne2+ 32.
Bxe2 1-0

[Event "Early-Titled-Tuesday-Blitz-January-30-2024"]
[Site "Chess.com"]
[Date "2024.01.30"]
[Round "7"]
[White "Polish_fighter3000"]
[Black "MagnusCarlsen"]
[Result "0-1"]
[WhiteElo "3065"]
[BlackElo "3295"]
[TimeControl "180+1"]
[EndTime "9:18:56 PST"]
[Termination "MagnusCarlsen won on time"]

1. d4 Nf6 2. Bg5 c5 3. d5 h6 4.
Bxf6 exf6 5. Nc3 d6 6. e4 a6 7. a4 f5 8. Nf3 g6 9. Bd3 fxe4 10. Nxe4 Bg7 11. c3 O-O 12. O-O Bg4 13. Ned2 Nd7 14. a5 Re8 15. h3 Bxf3 16. Nxf3 Ne5 17.
Nxe5 Rxe5 18. f4 Re3 19. Qd2 Qe7 20. Rae1 Rxe1 21. Qxe1 Qf6 22. Qe3 Rf8 23. Bc2 c4 24. g3 Rc8 25. Re1 Qd8 26. f5 g5 27. f6 Bxf6 28. Qe4 Bg7 29. Rf1 Rc7 30. Qh7+ Kf8 31. Bf5 Re7 32. Be6 Qxa5 33. Qg6 Qc7 34. Qf5 Ke8 35. Bc8 Kd8 36. Qh7 Qc5+ 0-1

[Event "Early-Titled-Tuesday-Blitz-January-30-2024"]
[Site "Chess.com"]
[Date "2024.01.30"]
[Round "7"]
[White "Barmen_EV"]
[Black "AlexeiShirov"]
[Result "0-1"]
[WhiteElo "2489"]
[BlackElo "2760"]
[TimeControl "180+1"]
[EndTime "9:18:57 PST"]
[Termination "AlexeiShirov won by resignation"]

1. e4 e5 2. Nf3 Nc6 3. d4 exd4 4. Bc4 Bc5 5. O-O d6 6. h3 Nf6 7. c3 dxc3 8. Nxc3 O-O 9. Bg5 h6 10. Bh4 Be6 11. Nd5 Bxd5 12. exd5 Ne5 13. Bb3 Ng6 14.
Bg3 Ne4 15. Kh2 Qf6 16. Qc2 Qf5 17. Rae1 Nxg3 18. fxg3 Qxc2 19. Bxc2 Rfe8 20. Bxg6 fxg6 21. Nh4 g5 22. Nf5 Rxe1 23. Rxe1 Kf7 24. Re7+ Kf6 25.
g4 g6 26. Re6+ Kf7 27. Re7+ Kf8 28. Rh7 Re8 29. Rh8+ Kf7 30. Nxh6+ Ke7 31. Rh7+ Kf6 32. Rf7+ Ke5 33. Rxc7 Kxd5 34. Nf7 Be3 35. Rxb7 Bf4+ 36. g3 Re2+ 37. Kg1 Be3+ 38. Kf1 Rh2 39. Nxg5 Kc6 40.
Nf3 Rf2+ 41. Ke1 Kxb7 0-1

[Event "Early-Titled-Tuesday-Blitz-January-30-2024"]
[Site "Chess.com"]
[Date "2024.01.30"]
[Round "7"]
[White "Flaccidmoves"]
[Black "cycygogne"]
[Result "1-0"]
[WhiteElo "2456"]
[BlackElo "2278"]
[TimeControl "180+1"]
[EndTime "9:18:57 PST"]
[Termination "Flaccidmoves won by resignation"]

1. Nf3 f5 2. d3 Nf6 3. e4 fxe4 4.
dxe4 e6 5. e5 Nd5 6. Bd3 Bb4+ 7.
c3 Be7 8. Qe2 b6 9. Qe4 Bb7 10. Qg4 O-O 11. Qh5 g6 12. Bxg6 hxg6 13. Qxg6+ Kh8 14. Ng5 Bxg5 15. Bxg5 Ne7 16. Qh6+ Kg8 17.
Bf6 Rxf6 18. exf6 Nf5 19. Qg6+ Kf8 20. g4 Qe8 21. gxf5 Qxg6 22. fxg6 Bxh1 23. Nd2 Nc6 24. f4 Bg2 25. Kf2 Bh3 26. Rg1 Bf5 27. h4 Kg8 28. h5 Rf8 29. f7+ Kg7 30. Nf3 Ne7 31. Ne5 Kh6 32. g7 Rd8 33. f8=Q 1-0

[Event "Early-Titled-Tuesday-Blitz-January-30-2024"]
[Site "Chess.com"]
[Date "2024.01.30"]
[Round "7"]
[White "Lennis93"]
[Black "bilosuvenosu06"]
[Result "0-1"]
[WhiteElo "2701"]
[BlackElo "2542"]
[TimeControl "180+1"]
[EndTime "9:18:59 PST"]
[Termination "bilosuvenosu06 won by checkmate"]

1. d4 Nf6 2. c4 e6 3. Nf3 d5 4. Nbd2 Be7 5. g3 O-O 6. Bg2 b6 7. O-O Bb7 8. cxd5 exd5 9. Ne5 Nbd7 10. Nd3 Rc8 11. b3 Bd6 12. Bb2 Qe7 13. a4 a5 14.
Nf3 Ne4 15. Nfe5 f6 16. Nxd7 Qxd7 17. f3 Ng5 18. Ba3 Rfe8 19. Bxd6 Qxd6 20. Qd2 Ne6 21. e3 c5 22. Bh3 cxd4 23. exd4 Rcd8 24. Bxe6+ Qxe6 25.
Rfe1 Qf5 26. Rxe8+ Rxe8 27. Re1 Rxe1+ 28. Qxe1 Kf7 29. Qc3 Qd7 30. b4 Qc6 31. Qxc6 Bxc6 32. bxa5 bxa5 33. Nc5 Ke7 34. Kf2 Kd6 35. h4 g6 36. Ke3 h5 37. Nb3 Bxa4 38. Nxa5 Kc7 39. g4 Kb6 40. gxh5 gxh5 41. Kf4 Kxa5 42. Kf5 Bd1 43.
f4 Kb4 44. Kxf6 Kc4 45. Ke5 Bg4 46. f5 Bxf5 47. Kxf5 Kxd4 48. Kg5 Ke5 49. Kxh5 d4 50. Kg4 Ke4 51. Kg5 d3 52. h5 d2 53. h6 d1=Q 54. Kg6 Qg4+ 55. Kh7 Kf5 56. Kh8 Kf6 57. h7 Qg7# 0-1

[Event "Early-Titled-Tuesday-Blitz-January-30-2024"]
[Site "Chess.com"]
[Date "2024.01.30"]
[Round "7"]
[White "blitis"]
[Black "secrethawk1"]
[Result "1-0"]
[WhiteElo "2611"]
[BlackElo "2460"]
[TimeControl "180+1"]
[EndTime "9:18:59 PST"]
[Termination "blitis won by checkmate"]

1. e4 c6 2. d3 d5 3. Nd2 Nf6 4. f4 e6 5. Ngf3 Be7 6. Qe2 O-O 7.
g3 b6 8. Bg2 Bb7 9. O-O Nbd7 10. Kh1 c5 11. e5 Ne8 12. d4 Rc8 13. c3 a5 14. g4 Bc6 15. Qf2 b5 16. h4 b4 17. h5 a4 18. a3 bxc3 19. bxc3 cxd4 20.
cxd4 Bb5 21. Rg1 Nb6 22. f5 Nc4 23. Nxc4 Bxc4 24. h6 g6 25. f6 Nxf6 26. exf6 Bxf6 27. g5 Be7 28. Bh3 Qc7 29. Ne5 Qd6 30. Bf4 Qb6 31.
Nd7 Qb3 32. Rg3 Qb7 33. Nxf8 Rxf8 34. Be5 Rc8 35. Rf3 Bf8 36. Rg1 Bb3 37. Rf1 Rc2 38. Rxf7 Rxf2 39. Rxb7 Rxf1+ 40. Bxf1 Bxa3 41. Bh3 Bc1 42.
Bxe6+ Kf8 43. Bd6+ Ke8 44. Rb8# 1-0

[Event "Early-Titled-Tuesday-Blitz-January-30-2024"]
[Site "Chess.com"]
[Date "2024.01.30"]
[Round "7"]
[White "chedimir"]
[Black "VinzentSpitzl"]
[Result "0-1"]
[WhiteElo "2444"]
[BlackElo "2624"]
[TimeControl "180+1"]
[EndTime "9:19:00 PST"]
[Termination "VinzentSpitzl won by checkmate"]

1. e4 c5 2. Nf3 d6 3. d4 cxd4 4.
Nxd4 Nf6 5. Nc3 a6 6. Be2 e5 7.
Nb3 Be7 8. Be3 Be6 9. Qd2 Nbd7 10. f4 Qc7 11. O-O-O Rc8 12. Kb1 exf4 13. Bxf4 Ne5 14. Nd4 O-O 15. g4 Nfxg4 16. Rhg1 Nf6 17. Nf5 Bxf5 18.
exf5 Kh8 19. Rg3 b5 20. a3 Nc4 21. Bxc4 Qxc4 22. Bxd6 Bxd6 23. Qxd6 Rfe8 24. Rxg7 Rc6 25.
Qg3 Ne4 26. Nxe4 Qxc2+ 27. Ka2 Qxd1 28. Ng5 Qd5+ 29. b3 Rc2+ 30. Kb1 Qd1# 0-1

[Event "Early-Titled-Tuesday-Blitz-January-30-2024"]
[Site "Chess.com"]
[Date "2024.01.30"]
[Round "7"]
[White "Boundless_Strike"]
[Black "Licancabur"]
[Result "1-0"]
[WhiteElo "2633"]
[BlackElo "2429"]
[TimeControl "180+1"]
[EndTime "9:19:00 PST"]
[Termination "Boundless_Strike won on time"]

1. d4 d5 2. e4 e6 3. Be3 Nf6 4.
e5 Nfd7 5. c3 c5 6. f4 Nc6 7.
Nf3 Be7 8. Bd3 f5 9. O-O O-O 10. Nbd2 c4 11. Bc2 b5 12. a3 a5 13. Kh1 Nb6 14. Rg1 Kh8 15. g4 g6 16. Qf1 Qe8 17.
Qh3 Bd8 18. Bf2 Ra7 19. Bh4 Bxh4 20. Qxh4 fxg4 21. Rxg4 Ne7 22. Rag1 Nf5 23. Bxf5 gxf5 24. R4g3 b4 25. Qh6 Qe7 26. Nh4 1-0

[Event "Early-Titled-Tuesday-Blitz-January-30-2024"]
[Site "Chess.com"]
[Date "2024.01.30"]
[Round "7"]
[White "MikaelyanArman"]
[Black "SantoBlue"]
[Result "0-1"]
[WhiteElo "2847"]
[BlackElo "2963"]
[TimeControl "180+1"]
[EndTime "9:19:02 PST"]
[Termination "SantoBlue won by resignation"]

1. d4 d6 2. Nf3 Nf6 3. c4 g6 4. g3 Bg7 5. Bg2 O-O 6. O-O c6 7. Nc3 Qb6 8. b3 e5 9. c5 dxc5 10. dxe5 Nfd7 11. Bf4 Re8 12. Ne4 Nxe5 13. Nxe5 Bxe5 14.
Nd6 Bxd6 15. Qxd6 Bf5 16. Rad1 Na6 17. Bh6 Qd8 18. Qf4 Qe7 19. e4 Be6 20. Bg5 Qf8 21. Bf6 h6 22. h4 c4 23. bxc4 Bxc4 24. Rfe1 Nc5 25. Re3 Ne6 26. Qg4 h5 27. Qf3 c5 28.
Bh3 Nd4 29. Bxd4 cxd4 30. Rxd4 Bxa2 31. Rd7 b5 32. e5 Rad8 33. Qf6 Rxd7 34. Bxd7 Re7 35.
e6 fxe6 36. Qxg6+ Qg7 37. Qxh5 Rxd7 38. Qe8+ Kh7 39. Qh5+ Qh6 40. Qxb5 Rd1+ 41. Kh2 Bd5 42. Qd7+ Qg7 43. Qxg7+ Kxg7 44. f3 Ra1 45. Kh3 a5 46. g4 a4 47. Rc3 a3 48. Rc7+ Kg8 49. Kg3 a2 50. Rc8+ Kf7 51. Rc7+ Ke8 52. Ra7 Rb1 53. Kf4 a1=Q 54. Rxa1 Rxa1 55. h5 Kf7 56. g5 Ra3 57. h6 Kg6 58. Ke5 Rxf3 0-1

[Event "Early-Titled-Tuesday-Blitz-January-30-2024"]
[Site "Chess.com"]
[Date "2024.01.30"]
[Round "7"]
[White "GMRAVEN_ON_YOUTUBE"]
[Black "bardiya_Daneshvar"]
[Result "1-0"]
[WhiteElo "2790"]
[BlackElo "2904"]
[TimeControl "180+1"]
[EndTime "9:19:03 PST"]
[Termination "GMRAVEN_ON_YOUTUBE won on time"]

1. f4 g6 2. Nf3 Bg7 3. e4 c5 4. c3 d5 5. e5 Nc6 6. d4 cxd4 7. cxd4 Bg4 8. Be3 Nh6 9. Bf2 Nf5 10. Be2 Qb6 11. Nc3 e6 12. O-O Bxf3 13. Bxf3 Nfxd4 14. Kh1 Qb4 15. a3 Qc4 16. Nxd5 exd5 17.
Rc1 Qb5 18. Bxd4 O-O 19. Bc5 Rfd8 20. b4 Qa6 21. a4 b5 22. Qd3 Qxa4 23. Ra1 Nxb4 24.
Qd2 Qc2 25. Qxb4 a5 26. Qxb5 Rdb8 27. Bb6 a4 28. Bxd5 Ra7 29. Rac1 Qd2 30. e6 fxe6 31.
Bxe6+ Kh8 32. Rfd1 Qxf4 33. Bxa7 Rxb5 34. Rd8+ Bf8 35. Rxf8+ Qxf8 36. Bd4+ 1-0

[Event "Early-Titled-Tuesday-Blitz-January-30-2024"]
[Site "Chess.com"]
[Date "2024.01.30"]
[Round "7"]
[White "mbchess97"]
[Black "toninhojit"]
[Result "1-0"]
[WhiteElo "2404"]
[BlackElo "2565"]
[TimeControl "180+1"]
[EndTime "9:19:03 PST"]
[Termination "mbchess97 won by resignation"]

1. c4 c5 2. g3 Nc6 3. Bg2 g6 4. Nc3 Bg7 5. Nf3 e5 6. a3 d6 7. d3 Nge7 8. O-O O-O 9. Ne1 f5 10.
Nc2 f4 11. b4 Rb8 12. Bb2 b6 13. Nd5 g5 14. e3 Be6 15. exf4 gxf4 16. gxf4 Kh8 17.
Nxe7 Nxe7 18. fxe5 Ng6 19. Ne3 Nf4 20. Kh1 Qh4 21.
Be4 Nh3 22. Ng2 Nxf2+ 23. Rxf2 Qxf2 24. Qh5 Bg8 25. Rg1 Qxb2 26. Nh4 h6 27. Ng6+ Kh7 28. Nxf8+ Kh8 29. Ng6+ Kh7 30. Nh4+ Kh8 31. Nf5 Qxe5 32. Rxg7 Qf6 33. Rg6 Qa1+ 34. Rg1 Qf6 35. Nxh6 Bh7 36. Nf7+ 1-0

[Event "Early-Titled-Tuesday-Blitz-January-30-2024"]
[Site "Chess.com"]
[Date "2024.01.30"]
[Round "7"]
[White "GiorgianBarbosa"]
[Black "Louis-Paulsen-Fan"]
[Result "0-1"]
[WhiteElo "2474"]
[BlackElo "2284"]
[TimeControl "180+1"]
[EndTime "9:19:03 PST"]
[Termination "Louis-Paulsen-Fan won by checkmate"]

1. e4 Nf6 2. e5 Nd5 3. c4 Nb6 4. d4 d6 5. exd6 cxd6 6. d5 e5 7. dxe6 Bxe6 8. Nd2 Nc6 9. Ngf3 d5 10. cxd5 Nxd5 11.
Bb5 Bc5 12. O-O O-O 13. Bxc6 bxc6 14. Nb3 Bb6 15. Nbd4 Qd7 16. Nxe6 Qxe6 17. b3 Nc3 18.
Qc2 Ne2+ 19. Kh1 Nxc1 20. Raxc1 Rac8 21. Rfe1 Qf6 22. Re4 h6 23. Kg1 Rfd8 24. Rc4 Rd6 25. Qe4 Rcd8 26. g3 Re6 27. Qf4 Qxf4 28. Rxf4 Re2 29.
Ne1 Rdd2 30. Ng2 Rxf2 31. Rxf2 Rxf2 32. Kh1 Rxa2 33. Nf4 g5 34. Nh5 f5 35. Rxc6 g4 36.
Rxh6 Ra1+ 37. Kg2 Rg1# 0-1

[Event "Early-Titled-Tuesday-Blitz-January-30-2024"]
[Site "Chess.com"]
[Date "2024.01.30"]
[Round "7"]
[White "MKlose11"]
[Black "VladimirKramnik"]
[Result "0-1"]
[WhiteElo "2669"]
[BlackElo "2941"]
[TimeControl "180+1"]
[EndTime "9:19:05 PST"]
[Termination "VladimirKramnik won by resignation"]

1. e4 c5 2. Nc3 e6 3. d3 Nc6 4. g3 g6 5. Bg2 Bg7 6. Be3 d6 7. Qd2 Nd4 8. Nd1 Ne7 9. c3 Ndc6 10.
Bh6 O-O 11. h4 f6 12. Bxg7 Kxg7 13. f4 h5 14. Ne3 d5 15. Nf3 dxe4 16. dxe4 Qxd2+ 17. Nxd2 Bd7 18. O-O-O Rad8 19. Ndc4 e5 20. Nd6 Bc8 21.
f5 b6 22. fxg6 Kxg6 23. Nxc8 Nxc8 24. Bh3 N8e7 25. Bf5+ Kf7 26. g4 Rh8 27. g5 fxg5 28.
hxg5 Rxd1+ 29. Kxd1 Ng6 30. Nd5 Nce7 31. Ke2 Nxd5 32.
exd5 Nf4+ 33. Ke3 Nxd5+ 34. Ke4 Ne7 35. Kxe5 Kg7 36. Rd1 Nxf5 37. Kxf5 Rf8+ 38. Ke4 Kg6 39. Rd7 h4 40. Rd6+ Kxg5 41. Rd7 Kg6 42. Rd6+ Rf6 43. Rd8 Kg5 44. Rh8 Rh6 45. Rg8+ Rg6 46. Rh8 Kg4 47. Ke3 Kg3 48. Ke2 h3 49. Kf1 h2 50.
a4 Rf6+ 51. Ke2 Rf4 0-1

[Event "Early-Titled-Tuesday-Blitz-January-30-2024"]
[Site "Chess.com"]
[Date "2024.01.30"]
[Round "7"]
[White "BelyakovBogdan"]
[Black "NikolaGry"]
[Result "1-0"]
[WhiteElo "2559"]
[BlackElo "2710"]
[TimeControl "180+1"]
[EndTime "9:19:06 PST"]
[Termination "BelyakovBogdan won by checkmate"]

1. e4 d5 2. exd5 Nf6 3. d4 Bg4 4.
f3 Bf5 5. g4 Bg6 6. c4 e6 7. dxe6 Nc6 8. Be3 Nb4 9. Na3 fxe6 10.
Nh3 Bd6 11. c5 Nbd5 12. Qd2 Be7 13. Nf4 Nxf4 14. Bxf4 O-O 15. Bc4 Nd5 16. Bxd5 Qxd5 17. O-O b6 18. Nb5 Qd7 19. Nxc7 Rac8 20. c6 Qxc6 21. Rac1 Qd7 22. Be5 Bf6 23. Bxf6 Rxf6 24. Na6 Rcf8 25. Qe3 h5 26. g5 Rf5 27. Nc7 Kh7 28.
h4 Qd6 29. Kg2 Rf4 30. Nxe6 Rxh4 31. Qe5 Rd8 32. Qxg7# 1-0

[Event "Early-Titled-Tuesday-Blitz-January-30-2024"]
[Site "Chess.com"]
[Date "2024.01.30"]
[Round "7"]
[White "otrov-11"]
[Black "Ducke13"]
[Result "0-1"]
[WhiteElo "2491"]
[BlackElo "2309"]
[TimeControl "180+1"]
[EndTime "9:19:06 PST"]
[Termination "Ducke13 won by resignation"]

1. d4 Nf6 2. c4 g6 3. g3 c5 4.
d5 b5 5. cxb5 Bg7 6. Bg2 d6 7.
Nc3 a6 8. b6 Nbd7 9. Nf3 Nxb6 10. O-O O-O 11. Re1 Nfd7 12. e4 Nc4 13. Qe2 Nce5 14. Nxe5 Nxe5 15. f4 Bg4 16. Qf1 Nd7 17. h3 Bd4+ 18. Kh1 Bh5 19. g4 Bxg4 20. hxg4 e5 21. Be3 Qh4+ 22. Kg1 Qxg4 23. Qf3 Qxf3 24.
Bxf3 Bxe3+ 25. Rxe3 exf4 26. Ree1 Ne5 27. Bh1 Rab8 28.
b3 g5 29. Re2 h5 30. Rh2 h4 31. Ne2 Kg7 32. Nxf4 gxf4 33. Rxh4 Ng6 34. Rg4 Kf6 35. e5+ dxe5 36. Be4 Rg8 37. Kf2 Rb4 38. Re1 Rd4 39. Kf3 Rh8 40. Rg2 Nh4+ 41. Kf2 Rd2+ 42. Kf1 Nxg2 43.
Bxg2 Rh2 44. Be4 Rxa2 45. Kg1 Rhe2 0-1

[Event "Early-Titled-Tuesday-Blitz-January-30-2024"]
[Site "Chess.com"]
[Date "2024.01.30"]
[Round "7"]
[White "Slovineanu"]
[Black "invisible_s0ul"]
[Result "1-0"]
[WhiteElo "2443"]
[BlackElo "2247"]
[TimeControl "180+1"]
[EndTime "9:19:06 PST"]
[Termination "Slovineanu won on time"]

1. d4 d5 2. Nf3 c6 3. c4 Nf6 4. e3 e6 5. Nbd2 Bd6 6. Bd3 O-O 7.
O-O dxc4 8. Nxc4 b5 9. Nxd6 Qxd6 10. a4 b4 11. e4 Qe7 12. Bg5 h6 13. Bh4 Qc7 14.
Bxf6 gxf6 15. Qd2 Kh7 16. Qxb4 Nd7 17. Rfc1 Bb7 18. e5+ f5 19. Qe7 Rae8 20. Qh4 Rg8 21. Qh5 Nf8 22. Rc3 Qe7 23. a5 a6 24. Rb3 Ng6 25. g3 c5 26. dxc5 Bd5 27. Rc3 Nf4 28. Bxf5+ exf5 29. Qxf5+ Ng6 30. c6 Qc7 31. Rac1 Bxf3 32.
Rxf3 Rxe5 33. Qxf7+ Rg7 34. Qf6 1-0

[Event "Early-Titled-Tuesday-Blitz-January-30-2024"]
[Site "Chess.com"]
[Date "2024.01.30"]
[Round "7"]
[White "Better_Chess_Faster"]
[Black "wild3000"]
[Result "0-1"]
[WhiteElo "2139"]
[BlackElo "2378"]
[TimeControl "180+1"]
[EndTime "9:19:06 PST"]
[Termination "wild3000 won on time"]

1. d4 a6 2. e4 e6 3. Nc3 Ne7 4. Nf3 d6 5. Be2 Bd7 6. O-O b5 7. a3 Ng6 8. Be3 Be7 9. Qd2 O-O 10. Rad1 c6 11. d5 cxd5 12. exd5 e5 13. Rfe1 Bg4 14. Ng5 Bxe2 15. Rxe2 Nd7 16. f3 Rc8 17. Kh1 Nb6 18. b3 Nd7 19. Nge4 f5 20. Ng5 Bxg5 21. Bxg5 Nf6 22. Rc1 Qc7 23. Nd1 Qf7 24. c4 h6 25.
Bxf6 Qxf6 26. Ne3 Nf4 27. Ree1 bxc4 28. bxc4 e4 29. Rf1 Nd3 30. Rcd1 Qd4 31. fxe4 fxe4 32.
Rxf8+ Rxf8 33. Kg1 Rf6 0-1

[Event "Early-Titled-Tuesday-Blitz-January-30-2024"]
[Site "Chess.com"]
[Date "2024.01.30"]
[Round "7"]
[White "Horokoskii"]
[Black "Bkmzzzzz"]
[Result "0-1"]
[WhiteElo "2150"]
[BlackElo "2335"]
[TimeControl "180+1"]
[EndTime "9:19:07 PST"]
[Termination "Bkmzzzzz won on time"]

1. c4 e5 2. Nc3 d6 3. g3 f5 4.
d3 Nf6 5. Bg2 c6 6. Nf3 g6 7.
O-O Bg7 8. a3 O-O 9. b4 h6 10.
Bb2 Be6 11. Rc1 Nbd7 12. Qd2 Kh7 13. h4 Qe7 14. Nh2 d5 15. cxd5 Nxd5 16. Nxd5 Bxd5 17. Nf3 Rad8 18. b5 Rfe8 19. a4 e4 20. Bxg7 Qxg7 21.
dxe4 Bxe4 22. Qf4 Nb6 23. bxc6 Bxc6 24. a5 Nd5 25. Qd4 Qc7 26. h5 g5 27. Rfd1 Ne3 28.
Qf6 Rxd1+ 29. Rxd1 Nxd1 30. Qxf5+ Kg8 31. Qd3 Qd7 32. Qg6+ Qg7 33. Qd3 Nc3 34. Qc4+ Bd5 35. Qc5 Nxe2+ 36. Kh2 Bf7 0-1

[Event "Early-Titled-Tuesday-Blitz-January-30-2024"]
[Site "Chess.com"]
[Date "2024.01.30"]
[Round "7"]
[White "MetiForce"]
[Black "Timerkhanov"]
[Result "1-0"]
[WhiteElo "2841"]
[BlackElo "2659"]
[TimeControl "180+1"]
[EndTime "9:19:08 PST"]
[Termination "MetiForce won by checkmate"]

1. c4 c6 2. Nf3 d5 3. e3 Nf6 4. b3 a6 5. Bb2 Bf5 6. Nc3 e6 7. Be2 Nbd7 8. Nh4 Bg6 9. O-O Bd6 10.
f4 Qc7 11. Rc1 d4 12. Na4 dxe3 13. dxe3 Be4 14. Bf3 O-O-O 15. Qe1 Bd3 16. c5 Be7 17. Rf2 Bb5 18. Bd4 Nd5 19. Rfc2 Nxf4 20. exf4 Qxf4 21.
Bf2 Bxa4 22. bxa4 g5 23. Rc4 Qe5 24. Re4 Qb8 25. Nf5 Bxc5 26. Bxc5 exf5 27. Re7 Nxc5 28. Rxc5 Qd6 29. Rxf5 Qd4+ 30. Kh1 g4 31. Re4 Qd2 32. Bxg4 Qxe1+ 33. Rxe1 Kb8 34. Rxf7 Rhe8 35. Rb1 Re4 36. Rbxb7+ Ka8 37. Ra7+ Kb8 38. Rfb7# 1-0

[Event "Early-Titled-Tuesday-Blitz-January-30-2024"]
[Site "Chess.com"]
[Date "2024.01.30"]
[Round "7"]
[White "mishanick"]
[Black "Durarbayli"]
[Result "1-0"]
[WhiteElo "3147"]
[BlackElo "2912"]
[TimeControl "180+1"]
[EndTime "9:19:09 PST"]
[Termination "mishanick won on time"]

1. d4 d5 2. c4 c6 3. Nc3 Nf6 4. Nf3 e6 5. e3 Nbd7 6. Qc2 Bd6 7. Be2 O-O 8. O-O dxc4 9. Bxc4 b5 10. Bd3 Be7 11.
e4 h6 12. e5 Ne8 13. Be4 Qb6 14. Be3 Bb7 15. d5 Bc5 16. dxe6 fxe6 17. Bxc5 Nxc5 18. Bh7+ Kh8 19. Nh4 Rf7 20. Bg6 Rf4 21. g3 Rxh4 22.
gxh4 Nc7 23. Rac1 Nd7 24. Qe2 b4 25. Rfd1 Nf8 26. Na4 Qa5 27. Bc2 Nd5 28. Bb3 Qd8 29. Qe4 Qe7 30. Nc5 Qf7 31. Rd3 Rd8 32. Rf3 Qe7 33. Bc2 g6 34. Nxb7 Qxb7 35. h5 Qe7 36. Kh1 Qg5 37. Rg1 Qxh5 38. Rf7 Kg8 39. Rxa7 g5 40. Bd1 1-0

[Event "Early-Titled-Tuesday-Blitz-January-30-2024"]
[Site "Chess.com"]
[Date "2024.01.30"]
[Round "7"]
[White "CarlosjPineror"]
[Black "dcann0n88"]
[Result "1-0"]
[WhiteElo "2671"]
[BlackElo "2457"]
[TimeControl "180+1"]
[EndTime "9:19:09 PST"]
[Termination "CarlosjPineror won on time"]

1. e4 c5 2. Nf3 e6 3. g3 d5 4.
exd5 exd5 5. Bg2 Nf6 6. O-O Be7 7. d4 O-O 8. Nc3 h6 9. Re1 Nc6 10. h3 Be6 11. Be3 c4 12. Ne5 Bd6 13. f4 Re8 14. g4 Bc7 15. a3 Nxe5 16. fxe5 Nh7 17. Qf3 Ng5 18. Bxg5 Qxg5 19. Nxd5 Bxd5 20. Qxd5 Rad8 21. Qxb7 Bb6 22. c3 Rxe5 23. Rxe5 Qxe5 24. Rf1 Qe3+ 25. Kh1 f6 26. Qe4 Qg3 27. Qf3 Qd6 28. Qf4 Qd7 29. Be4 Bc7 30. Qf5 Qd6 31. Rf2 Qg3 32. Qf3 Qd6 33. Bg6 Rd7 34. Re2 Rd8 35. Kg1 Kf8 36.
Kf1 Rb8 37. Qe4 Qd7 38. Qe6 Qxe6 39. Rxe6 1-0

[Event "Early-Titled-Tuesday-Blitz-January-30-2024"]
[Site "Chess.com"]
[Date "2024.01.30"]
[Round "7"]
[White "hasagoodchesser"]
[Black "Grischuk"]
[Result "0-1"]
[WhiteElo "2741"]
[BlackElo "3070"]
[TimeControl "180+1"]
[EndTime "9:19:10 PST"]
[Termination "Grischuk won by resignation"]

1. d4 e6 2. c4 b6 3. Nf3 Bb7 4.
g3 Bb4+ 5. Nbd2 Bxf3 6. exf3 Nc6 7. a3 Bxd2+ 8. Bxd2 Nxd4 9. Bc3 c5 10. Bxd4 cxd4 11.
Qxd4 Qf6 12. Rd1 Qxd4 13. Rxd4 Nf6 14. f4 Ke7 15. Be2 Rhc8 16. O-O a5 17. Rfd1 a4 18. R1d2 Rc5 19. Kg2 Ra7 20. Kf3 h6 21. h4 g6 22.
Ke3 Ne8 23. Kf3 f5 24. h5 gxh5 25. Rd1 Nf6 26. Rh1 d6 27. Rdd1 e5 28. Ke3 Ra8 29. Rc1 Rac8 30. Rcd1 Ke6 31. Rd2 d5 32. fxe5 Kxe5 33.
cxd5 Rxd5 34. Rxd5+ Nxd5+ 35. Kd2 Nf6 36. f3 f4 37. g4 hxg4 38. fxg4 Ne4+ 39. Ke1 Rc1+ 0-1

[Event "Early-Titled-Tuesday-Blitz-January-30-2024"]
[Site "Chess.com"]
[Date "2024.01.30"]
[Round "7"]
[White "ri4mi"]
[Black "ValentunHulka"]
[Result "0-1"]
[WhiteElo "2542"]
[BlackElo "2787"]
[TimeControl "180+1"]
[EndTime "9:19:10 PST"]
[Termination "ValentunHulka won by resignation"]

1. e4 c5 2. Nc3 Nc6 3. Nf3 Nf6 4. d4 cxd4 5. Nxd4 e5 6. Ndb5 d6 7. Bg5 a6 8. Na3 b5 9. Nd5 Be7 10. Bxf6 Bxf6 11. c3 O-O 12. h4 Rb8 13. Nc2 Be7 14. g3 Be6 15. Nce3 Qd7 16. Be2 Bd8 17. Bg4 Ne7 18. h5 h6 19. a4 bxa4 20. Bxe6 fxe6 21.
Nxe7+ Bxe7 22. Ra2 a3 23. bxa3 Qc6 24. Qd3 Rb3 25.
Nd1 d5 26. exd5 exd5 27. O-O e4 28. Qe2 Bc5 29. Qc2 Rxa3 30. Rxa3 Bxa3 31. Ne3 Bc5 32. Qd2 Bxe3 33. Qxe3 Rf3 34. Qd4 Rd3 35. Qe5 Rxc3 36.
Kg2 Rd3 37. Rb1 Qf6 38. Rb8+ Kh7 39. Qxf6 gxf6 40. Rb6 a5 41. Rxf6 a4 42. Ra6 a3 43.
Kf1 Rb3 44. Ke2 d4 45. Ra4 Rb2+ 46. Kf1 a2 47. Kg2 e3 48. g4 e2 49. Ra7+ Kg8 50.
Ra8+ Kf7 51. Ra7+ Ke6 52. Ra6+ Kd5 53. Ra5+ Kc6 54. Ra6+ Kb7 55. Rxh6 a1=Q 56. Re6 Qf1+ 0-1

[Event "Early-Titled-Tuesday-Blitz-January-30-2024"]
[Site "Chess.com"]
[Date "2024.01.30"]
[Round "7"]
[White "Mourinho_Jose"]
[Black "leotobares"]
[Result "0-1"]
[WhiteElo "2516"]
[BlackElo "2395"]
[TimeControl "180+1"]
[EndTime "9:19:10 PST"]
[Termination "leotobares won by resignation"]

1. e4 c5 2. Nf3 g6 3. d4 cxd4 4. Qxd4 Nf6 5. e5 Nc6 6. Qa4 Nd5 7. Qe4 Nb6 8. Nc3 Bg7 9. Bf4 d5 10. exd6 Bf5 11. Qe3 O-O 12. dxe7 Nxe7 13. Bd3 Ned5 14. Qd2 Bxd3 15. cxd3 Nxf4 16. Qxf4 Qxd3 17. Nd1 Bxb2 18.
Nxb2 Rfe8+ 19. Ne5 Qc3+ 20. Kf1 Qxb2 21. Re1 Qxa2 22. h4 Nd5 23. Qxf7+ Kh8 24. Kg1 Rxe5 25.
Rd1 Rae8 26. Kh2 Qc4 27. g3 Qc7 28. Qf3 Rf5 29. Qg2 Ref8 30. Rhf1 Nf6 31. f3 Nh5 32. f4 Nf6 33. Qb2 Kg8 34. Qb3+ Qf7 35. Qb2 Ng4+ 36.
Kh3 Ne3 37. Rfe1 Nxd1 38. Rxd1 Rd5 39. Ra1 Qd7+ 40. g4 Rd3+ 0-1

[Event "Early-Titled-Tuesday-Blitz-January-30-2024"]
[Site "Chess.com"]
[Date "2024.01.30"]
[Round "7"]
[White "kidagent"]
[Black "bulletteemo"]
[Result "0-1"]
[WhiteElo "2331"]
[BlackElo "2522"]
[TimeControl "180+1"]
[EndTime "9:19:10 PST"]
[Termination "bulletteemo won by checkmate"]

1. c4 g6 2. g3 Bg7 3. Bg2 c5 4. Nc3 Nc6 5. Nf3 d6 6. O-O Bg4 7. d3 Qd7 8. a3 Nf6 9. Rb1 a5 10.
Nd5 Rb8 11. Ne1 O-O 12. f3 Bh3 13. e4 Bxg2 14. Kxg2 b5 15. Nc2 e6 16. cxb5 Rxb5 17. Nc3 Rbb8 18. d4 cxd4 19. Nxd4 Nxd4 20. Qxd4 Ng4 21.
Qd3 Ne5 22. Qe2 Rfc8 23. Bf4 Nc4 24. Rfd1 h6 25. Qc2 g5 26. Bc1 Nxa3 27. bxa3 Rxb1 28. Qxb1 Bxc3 29. Be3 Be5 30. f4 gxf4 31. gxf4 Bg7 32. Qd3 Rc3 33. Qd2 Qc6 34. Kf1 Qxe4 35. Bf2 Qh1+ 36. Ke2 Qe4+ 37. Kf1 Rc2 38. Qe3 Qh1+ 39.
Bg1 Qg2+ 40. Ke1 Bc3+ 41. Rd2 Bxd2+ 42. Kd1 Rc1# 0-1

[Event "Early-Titled-Tuesday-Blitz-January-30-2024"]
[Site "Chess.com"]
[Date "2024.01.30"]
[Round "7"]
[White "DestroyerJohny"]
[Black "Mohamed-almado"]
[Result "0-1"]
[WhiteElo "2222"]
[BlackElo "2112"]
[TimeControl "180+1"]
[EndTime "9:19:10 PST"]
[Termination "Mohamed-almado won on time"]

1. d4 d5 2. c4 c6 3. Nf3 Nf6 4.
g3 g6 5. Bg2 Bg7 6. O-O O-O 7.
Nc3 h6 8. Qb3 e6 9. Rd1 Nbd7 10.
Bf4 Qe7 11. c5 Ne8 12. e4 g5 13. Be3 f5 14. exd5 exd5 15. Re1 Qf7 16. Rad1 f4 17. Bc1 g4 18. Ne5 Nxe5 19. dxe5 f3 20. Bf1 Bf5 21.
Bf4 h5 22. Qb4 Kh7 23. a4 Bh6 24. a5 Qe7 25. Bxh6 Kxh6 26. e6 Rf6 27. Re5 Ng7 28. Rde1 Rxe6 29. Qf4+ Kg6 30. Rxe6+ Nxe6 31. Qe5 Qf6 32.
Qd6 Rd8 33. Rxe6 Rxd6 34. Rxd6 Qxd6 35. cxd6 Kf6 0-1